 Dungeon Crawl Stone Soup version 0.31-a0-7-g51783674b7 (webtiles) character file.

Game seed: 4599746607599125333

361 porpoise the Basher (level 6, -11/39 (44) HPs)
             Began as a Gnoll Wanderer on May 6, 2023.
             Mangled by a wight
             ... wielding a +4 dire flail
              (16 damage)
             ... on level 7 of the Dungeon.
             The game lasted 00:08:19 (2837 turns).

porpoise the Basher (Gnoll Wanderer)                Turns: 2837, Time: 00:08:19

HP:   -11/39 (44)   AC:  7    Str: 16    XL:     6   Next: 66%
MP:   9/9           EV: 11    Int:  7    God:
Gold: 144           SH:  0    Dex: 13    Spells: 9/9 levels left

rFire   . . .        a - +0 flail
rCold   . . .        (no shield)
rNeg    . . .        m - +0 ring mail
rPois   .            (no helmet)
rElec   .            (no cloak)
rCorr   .            (no gloves)
SInv    .            f - +0 pair of boots
Will    .....        (no amulet)
Stlth   +            (no ring)
HPRegen 0.26/turn    (no ring)
MPRegen 0.11/turn

%: no passive effects
@: heavily drained
A: fangs 1, strong nose, distributed training
a: no special abilities


You were on level 7 of the Dungeon.
You visited 1 branch of the dungeon, and saw 5 of its levels.

You collected 144 gold pieces.

Inventory:

Hand Weapons
 a - a +0 flail (weapon)
 b - a +0 sling
 d - a +0 dagger
Missiles
 c - 12 poisoned darts (quivered)
Armour
 f - a +0 pair of boots (worn)
 m - a +0 ring mail (worn)
Magical Staves
 l - a staff of air
Jewellery
 g - a ring of fire
Wands
 p - a wand of quicksilver (3)
Scrolls
 e - a scroll of butterflies
 h - 2 scrolls of teleportation {unknown}
 i - a scroll of brand weapon {unknown}
 n - a scroll of enchant armour {unknown}
 r - 2 scrolls of vulnerability {unknown}
 t - a scroll of enchant weapon {unknown}
Potions
 j - 4 potions of lignification
 k - a potion of mutation
 o - a potion of flight {unknown}
 q - a potion of attraction
 s - 2 potions of heal wounds
 u - a potion of degeneration {unknown}
 v - a potion of brilliance {unknown}
 w - a potion of curing {unknown}
 x - a potion of might {unknown}


   Skills:
 + Level 2.1 Fighting
 + Level 2.1 Short Blades
 + Level 2.1 Long Blades
 + Level 2.1 Axes
 + Level 10.6 Maces & Flails
 + Level 2.1 Polearms
 + Level 2.1 Staves
 + Level 2.1 Ranged Weapons
 + Level 5.0 Throwing
 + Level 5.0 Armour
 + Level 2.1 Dodging
 + Level 2.1 Stealth
 + Level 2.1 Shields
 + Level 2.1 Unarmed Combat
 + Level 2.1 Spellcasting
 + Level 1.7 Conjurations
 + Level 1.7 Hexes
 + Level 1.7 Summonings
 + Level 1.7 Necromancy
 + Level 1.7 Translocations
 + Level 1.7 Transmutations
 + Level 1.7 Fire Magic
 + Level 1.7 Ice Magic
 + Level 1.7 Air Magic
 + Level 1.7 Earth Magic
 + Level 1.7 Poison Magic
 + Level 2.3 Invocations
 + Level 3.3 Evocations


You had 9 spell levels left.
You didn't know any spells.
Your spell library contained the following spells:

 Spells                   Type           Power      Damage    Failure   Level
 Magic Dart               Conj           12%        1d3       32%         1
 Ensorcelled Hibernation  Hex/Ice        6%         N/A       45%         2
 Passwall                 Tmut/Erth      2%         N/A       45%         2
 Searing Ray              Conj           6%         2d4       45%         2
 Sublimation of Blood     Necr           3%         N/A       45%         2
 Wereblood                Tmut           3%         N/A       45%         2
 Swiftness                Air            3%         N/A       69%         3
 Volatile Blastmotes      Fire/Tloc      6%         2d10      69%         3
 Fulminant Prism          Conj/Hex       1%         3d5       97%         4
 Iskenderun's Mystic Bla  Conj/Tloc      3%         2d3       97%         4
 Lee's Rapid Deconstruct  Erth           1%         3d4*      100%        5
 Summon Hydra             Summ           1%         N/A       100%        7


Dungeon Overview and Level Annotations

Branches:
Dungeon (4/15)
 Temple: D:4-7

Altars:
Gozag
Ru

Annotations:
D:7 Maggie


Innate Abilities, Weirdness & Mutations

You have very sharp teeth.
Your uncanny sense of smell can sniff out nearby items.
Your experience applies equally to all skills.


Message History

Found a stone staircase leading up.
Found a stone staircase leading down.
Done exploring.
Done exploring.
(D) Dungeon
Where to? (Enter - D:3, ? - help)
There is a stone staircase leading down here.
You climb downwards.
You hear the sound of rushing water.
There is an entrance to a sewer on this level.
Hurry and find it before the portal rusts away!
A sourceless malevolence fills the Dungeon...
You fall into a shaft and drop 3 floors!
The shaft crumbles and collapses.
r - 2 scrolls labelled ATI WAEDUNUGRE (gained 1)
x - a coppery potion You now have 144 gold pieces (gained 14).
Found a falchion.
Found an opulent altar of Gozag.
Found a leather armour.
Maggie the Vainglorious comes into view.
She is wielding a +1 morningstar of protection. 2 wights come into view.
The wight hits you with a +3 war axe!
You barely miss the wight. You closely miss the wight. The wight misses you.
You closely miss the wight. The wight barely misses you.
The wight closely misses you.
You hit the wight.
The wight is moderately damaged.
The wight hits you with a +4 dire flail.
You feel drained. The wight hits you with a +3 war axe!
You feel drained.
You are too injured to fight recklessly!
The wight hits you with a +3 war axe!
* * * LOW HITPOINT WARNING * * *
The wight attacks as you move away!
The wight hits you with a +4 dire flail.
* * * LOW HITPOINT WARNING * * *
You feel drained.
You barely miss the wight. You bite the wight.
The wight is lightly damaged.
The wight hits you with a +4 dire flail!
You die...

#.#.........
#######.[.########
..........#
@..####.#.# #.#.#
#.#.# ∆ #.#.#
#.#.## #@#..#
#z#.# #z.# #...#
####..# ∆ ..# .# #
∆


You could see 2 wights.

Vanquished Creatures
  Sigmund (D:2)
  An orc wizard (D:3)
  Natasha (thrice) (D:2)
  3 gnolls (D:3)
  An adder (D:2)
  2 worms (D:3)
  5 orcs (D:3)
  5 endoplasms
  4 giant cockroaches
  6 hobgoblins
  3 jackals
  6 kobolds
  2 quokkas
  4 bats
  4 goblins
  4 rats
54 creatures vanquished.

Vanquished Creatures (others)
  A quokka (D:2)
1 creature vanquished.

Grand Total: 55 creatures vanquished

Notes
Turn   | Place    | Note
-------+----------+-------------------------------------------
     0 | D:1      | Reached skill level 10 in Maces & Flails
     0 | D:1      | porpoise the Gnoll Wanderer began the quest for the Orb.
     0 | D:1      | porpoise set off with the following items: a +0 flail, a
                  | potion of attraction, 13 poisoned darts, a +0 dagger, a
                  | scroll of butterflies, a +0 leather armour.
     0 | D:1      | Reached XP level 1. HP: 13/13 MP: 1/1
    47 | D:1      | Reached XP level 2. HP: 19/19 MP: 2/2
   590 | D:1      | Reached XP level 3. HP: 21/25 MP: 3/3
   997 | D:2      | Noticed Natasha
  1003 | D:2      | Killed Natasha
  1004 | D:2      | Reached skill level 1 in Fighting
  1004 | D:2      | Reached skill level 1 in Short Blades
  1004 | D:2      | Reached skill level 1 in Long Blades
  1004 | D:2      | Reached skill level 1 in Axes
  1004 | D:2      | Reached skill level 1 in Polearms
  1004 | D:2      | Reached skill level 1 in Staves
  1004 | D:2      | Reached skill level 1 in Ranged Weapons
  1004 | D:2      | Reached skill level 1 in Dodging
  1004 | D:2      | Reached skill level 1 in Stealth
  1004 | D:2      | Reached skill level 1 in Shields
  1004 | D:2      | Reached skill level 1 in Unarmed Combat
  1004 | D:2      | Reached skill level 1 in Spellcasting
  1004 | D:2      | Reached skill level 1 in Invocations
  1021 | D:2      | Reached XP level 4. HP: 25/32 MP: 5/5
  1125 | D:2      | Noticed Sigmund
  1150 | D:2      | HP: 1/32 [Sigmund/+0 scythe (4)]
  1151 | D:2      | Killed Sigmund
  1152 | D:2      | Reached skill level 1 in Conjurations
  1152 | D:2      | Reached skill level 1 in Hexes
  1152 | D:2      | Reached skill level 1 in Summonings
  1152 | D:2      | Reached skill level 1 in Necromancy
  1152 | D:2      | Reached skill level 1 in Translocations
  1152 | D:2      | Reached skill level 1 in Transmutations
  1152 | D:2      | Reached skill level 1 in Fire Magic
  1152 | D:2      | Reached skill level 1 in Ice Magic
  1152 | D:2      | Reached skill level 1 in Air Magic
  1152 | D:2      | Reached skill level 1 in Earth Magic
  1152 | D:2      | Reached skill level 1 in Poison Magic
  1152 | D:2      | Reached XP level 5. HP: 1/38 MP: 5/7
  1235 | D:2      | Noticed Natasha
  1250 | D:2      | Killed Natasha
  1251 | D:2      | Reached XP level 6. HP: 32/44 MP: 8/8
  1384 | D:2      | Noticed Natasha
  1393 | D:2      | Killed Natasha
  1394 | D:2      | Reached skill level 5 in Throwing
  1394 | D:2      | Reached skill level 5 in Armour
  2409 | D:3      | Found a sacrificial altar of Ru.
  2738 | D:4      | You fall into a shaft and drop 3 floors!
  2781 | D:7      | Found an opulent altar of Gozag.
  2822 | D:7      | Noticed Maggie
  2837 | D:7      | Mangled by a wight

Illustrated notes

Levels and vault maps discovered:
D:1:      tarquinn_simple_flora_water_c, layout_loops_ring, serial_rivers,
          chequers_serial_rivers_room_a, chequers_serial_rivers_room_a,
          chequers_serial_rivers_room_a, chequers_serial_rivers_micro_c,
          chequers_serial_rivers_micro_b, chequers_serial_rivers_small_a,
          amcnicky_mini_pool_small, chequers_avenue
D:2:      layout_basic, uniq_sigmund, uniq_natasha
D:3:      layout_basic, nicolae_ru_great_annihilating_truth
D:4:      layout_loops_ring, nicolae_overflow_crystal_walls,
          gup_sewer_entry_glass, uniq_grinder
D:7:      layout_loops_ring, grunt_gozag_statues,
          lemuel_zombie_altar_kikubaaqudgha, serial_shops, shop,
          nrook_mini_vaults, uniq_maggie

Skill      XL: |  1  2  3  4  5  6 |
---------------+-------------------+-----
Maces & Flails | | 10.6
Fighting       | 1 2 |  2.1
Short Blades   | 1 2 |  2.1
Long Blades    | 1 2 |  2.1
Axes           | 1 2 |  2.1
Polearms       | 1 2 |  2.1
Staves         | 1 2 |  2.1
Ranged Weapons | 1 2 |  2.1
Dodging        | 1 2 |  2.1
Stealth        | 1 2 |  2.1
Shields        | 1 2 |  2.1
Unarmed Combat | 1 2 |  2.1
Spellcasting   | 1 2 |  2.1
Invocations    | 1 2 |  2.3
Conjurations   | 1 |  1.7
Hexes          | 1 |  1.7
Summonings     | 1 |  1.7
Necromancy     | 1 |  1.7
Translocations | 1 |  1.7
Transmutations | 1 |  1.7
Fire Magic     | 1 |  1.7
Ice Magic      | 1 |  1.7
Air Magic      | 1 |  1.7
Earth Magic    | 1 |  1.7
Poison Magic   | 1 |  1.7
Evocations     | 3 |  3.3
Throwing       | 5 |  5.0
Armour         | 5 |  5.0

Action                     |  1- 3 |  4- 6 || total
---------------------------+-------+-------++-------
  Melee: Flail             |    77 |    84 ||   161
         Bite              |     3 |     5 ||     8
         Punch             |       |     2 ||     2
   Fire: Sling             |       |    26 ||    26
  Throw: Dart              |       |     7 ||     7
    Use: Potion            |       |     1 ||     1
         Scroll            |       |     2 ||     2
 Armour: Leather armour    |     4 |       ||     4
         Ring mail         |    11 |    19 ||    30
  Dodge: Dodged            |    30 |    37 ||    67

Table legend: (Time is in decaauts)
 A = Elapsed time spent in this place.
 B = Non-inter-level travel time spent in this place.
 C = Inter-level travel time spent in this place.
 D = Time resting spent in this place.
 E = Time spent auto-exploring this place.
 F = Levels seen in this place.
 G = Mean time per level.
                   A        B        C        D        E       F      G
               +--------+--------+--------+--------+--------+-----+--------+
         Total |   2821 |   2743 |     78 |    428 |   1858 |   5 |  564.2 |
       Dungeon |   2821 |   2743 |     78 |    428 |   1858 |   5 |  564.2 |
               +--------+--------+--------+--------+--------+-----+--------+

Top non-repeatable levels by time:
     D:2: 1009 daAuts
     D:1: 987 daAuts
     D:3: 726 daAuts
     D:7: 98 daAuts
